Match 46360419
Unlisted

Match 46360419
End
Construct Barracks
Engineer Squad
1⁄4-ton 4x4 Truck
Riflemen Squad
Riflemen Squad
Construct Medical Station
Infantry Support Center
Riflemen Squad
Grenade Package
Construct Weapon Support Center
Selects Special Operations Battlegroup
Selects Raiding Flares
Bazooka Squad
Advanced Logistics
Selects SSF Commando Squad
M1918 Browning Automatic Rifles
SSF Commando Squad
Selects M29 Weasel with M1 Pack Howitzer
M3 Armored Personnel Carrier
Selects P-47 Anti-Infantry Loiter
SSF Commando Squad
Construct Tank Depot
Engineer Squad
Engineer Squad
M18 Hellcat Tank Destroyer
Selects UNKNOWN (2162291)
M18 Hellcat Tank Destroyer
Selects Assault Operation
Engineer Squad
Riflemen Squad
M18 Hellcat Tank Destroyer
RainbowDurr
MonikaのPants
CAuMOH
✠Kaiser✠ tushkan
0
0

Comments sign in to comment!

No comments posted yet!